Map: Dusty Gorge

Players

kobe - Winner!

  • Race: Zerg Zerg
  • Spawn Location: 5:00

IntoTheHackR - Winner!

  • Race: Terran Terran
  • Spawn Location: 3:00

TheRealKalEl

  • Race: Protoss Protoss
  • League: Master
  • Spawn Location: 9:00

Suede

  • Race: Terran Terran
  • League: Diamond
  • Spawn Location: 11:00

VOD

Have the link to the VOD?

Description

Time

  • Played on: May 25, 2018, 11:19 a.m.
  • Length: 4:43
Show
View Real Time Build Order
Export as new Build Order

kobe Zerg - Winner!

Build Orders: Hatch First 

Get SALT Encoding   

  12  0:01  Drone  
  13  0:08  Drone  
  14  0:18  Overlord  
  14  0:26  Extractor  
  14  0:27  Drone  
  15  0:36  Drone x2  
  17  0:58  Hatchery  
  17  1:00  Extractor  
  17  1:01  Drone  
  16  1:06  Drone  
  16  1:11  Drone  
  18  1:26  Spawning Pool  
  18  1:30  Drone  
  18  1:42  Overlord  
  18  2:01  Drone  
  19  2:12  Metabolic Boost, Drone  
  20  2:16  Queen  
  21  2:23  Queen  
  21  2:26  Drone  
  21  2:29  Drone  
  25  2:30  Drone  
  25  2:31  Drone  
  25  2:36  Drone  
  28  2:39  Zergling x2  
  28  2:40  Zergling x2  
  30  2:45  Overlord  
  30  2:49  Zergling x2  
  31  2:58  Drone, Zergling x2  
  32  3:04  Queen  
  35  3:07  Zergling x2  
  35  3:11  Zergling x2  
  37  3:15  Zergling x2  
  38  3:24  Zergling x2  
  39  3:28  Zergling x4  
  39  3:29  Zergling x2  
  39  3:31  Drone  
  43  3:36  Zergling x2  
  44  3:45  Overlord  
  42  4:03  Zergling x4  
  42  4:06  Zergling x4  
  42  4:14  Zergling x2  
  41  4:21  Drone x6  
  41  4:23  Zergling x2  
  47  4:32  Hatchery, Extractor  
  47  4:34  Spore Crawler  
  46  4:43  Roach Warren, Evolution Chamber  
Show
View Real Time Build Order
Export as new Build Order

IntoTheHackR Terran - Winner!

Build Orders:  

Get SALT Encoding   

  12  0:01  SCV  
  13  0:13  SCV  
  14  0:19  Supply Depot  
  14  0:27  SCV  
  15  0:35  Refinery  
  15  0:41  SCV  
  16  0:46  Barracks  
  16  0:53  SCV  
  17  1:05  SCV  
  18  1:14  Barracks  
  18  1:17  SCV  
  19  1:27  Barracks  
  19  1:33  Reaper  
  20  1:42  Orbital Command  
  20  1:51  Supply Depot  
  20  2:00  Reaper  
  21  2:02  Refinery  
  21  2:10  SCV  
  21  2:11  Reaper  
  23  2:16  Reaper  
  23  2:20  Supply Depot  
  24  2:23  SCV  
  25  2:35  Reaper, SCV  
  27  2:48  Reaper  
  27  2:49  Reaper  
  27  2:50  SCV  
  30  3:02  SCV  
  30  3:04  Command Center  
  31  3:08  Reaper  
  32  3:20  Reaper, SCV  
  32  3:23  Reaper  
  32  3:24  Supply Depot  
  35  3:46  Reaper  
  36  3:53  Barracks, SCV  
  36  3:54  Barracks, Engineering Bay  
  38  4:28  Missile Turret  
  39  4:43  Refinery  
Show
View Real Time Build Order
Export as new Build Order

TheRealKalEl Protoss 

Build Orders:  

Get SALT Encoding   

  12  0:01  Probe  
  13  0:16  Probe  
  14  0:21  Pylon  
  14  0:28  Probe  
  15  0:38  Probe  
  16  0:44  Gateway  
  16  0:46  Probe  
  16  0:54  Assimilator, Probe  
  17  1:03  Probe  
  19  1:12  Probe  
  20  1:20  Probe  
  21  1:33  Probe, Cybernetics Core  
  22  1:47  Nexus  
  22  1:54  Probe  
  22  2:00  Pylon  
  23  2:10  Warp Gate  
  23  2:16  Assimilator  
  23  2:22  Adept  
  25  2:24  Probe  
  25  2:27  Pylon  
  26  2:32  Probe  
  27  2:41  Probe  
  28  2:52  Twilight Council  
  28  2:53  Probe  
  28  2:56  Probe  
  29  3:04  Probe  
  30  3:05  Probe  
  30  3:08  Robotics Facility  
  32  3:14  Probe  
  32  3:18  Probe  
  34  3:20  Adept  
  36  3:32  Shield Battery  
  36  3:38  Probe  
  36  3:39  Probe, Pylon  
  38  3:45  Warp Prism  
  38  4:01  Gateway  
  40  4:02  Gateway  
  40  4:05  Gateway  
  36  4:28  Gateway  
  36  4:30  Gateway  
  36  4:33  Gateway  
  36  4:38  Gateway  
Show
View Real Time Build Order
Export as new Build Order

Suede Terran 

Build Orders:  

Get SALT Encoding   

  12  0:01  SCV  
  13  0:13  SCV  
  14  0:20  Supply Depot  
  14  0:25  SCV  
  15  0:41  SCV  
  16  0:44  Barracks  
  16  0:48  Refinery  
  16  0:53  SCV  
  17  1:06  Barracks, SCV  
  18  1:12  Refinery  
  18  1:18  SCV  
  19  1:31  Orbital Command  
  19  1:34  Reaper  
  20  1:55  Reaper  
  20  1:56  SCV  
  20  1:58  Supply Depot  
  22  2:07  Barracks Reactor  
  22  2:18  SCV  
  22  2:22  Factory  
  23  2:24  Supply Depot  
  23  2:27  Barracks Tech Lab  
  23  2:30  SCV  
  24  2:42  SCV  
  24  2:43  Marine x2  
  27  2:51  Supply Depot  
  27  2:52  Marauder  
  27  2:54  SCV  
  30  3:09  SCV  
  30  3:10  Barracks Tech Lab  
  31  3:19  Marauder  
  31  3:21  Hellion  
  31  3:24  Hellion  
  35  3:30  Concussive Shells  
  35  3:40  Marine x2  
  34  3:58  Marine x2  
  16  4:15  Marine  
  16  4:16  Marine  
Tags
 
Add a new tag
Caveats
  • Supply blocks, unpowered buildings, or Contaminate may cause inaccurate times.
  • Supply counts are checked every 10 seconds.